 Dungeon Crawl Stone Soup version 0.30-a0-755-g0b50240ab4 (webtiles) character file.

Game seed: 12225743855898127409

1 LegionMG the Cutter (level 1, -1/21 HPs)
             Began as a Kobold Berserker on Feb 9, 2023.
             Was a Follower of Trog.
             Slain by a kobold
             ... wielding a +0 dagger
              (2 damage)
             ... on level 1 of the Dungeon.
             The game lasted 00:01:57 (318 turns).

LegionMG the Cutter (Kobold Berserker)               Turns: 318, Time: 00:01:58

Health: -1/21      AC:  2    Str: 14    XL:     1   Next: 22%
Magic:  1/1        EV: 14    Int:  8    God:    Trog [*.....]
Gold:   21         SH:  0    Dex: 14    Spells: 0/0 levels left

rFire   . . .      SeeInvis .    a - +0 short sword
rCold   . . .      Faith    .    (no shield)
rNeg    . . .      Spirit   .    b - +0 animal skin
rPois   .          Reflect  .    (no helmet)
rElec   .          Harm     .    (no cloak)
rCorr   .          Rampage  .    (no gloves)
Will    .....                    (no boots) Stlth
                                 (no amulet)
HPRegen 0.23/turn                (no ring)
MPRegen 0.07/turn                (no ring)

@: berserking, very quick
A: small, no large weapons, nightstalker 3
a: Renounce Religion, Berserk


You were on level 1 of the Dungeon.
You worshipped Trog.
Trog was aware of your devotion.
You visited 1 branch of the dungeon, and saw 1 of its levels.

You collected 21 gold pieces.

Inventory:

Hand Weapons
 a - a +0 short sword (weapon)
Armour
 b - a +0 animal skin (worn)
Jewellery
 d - a ring of positive energy
Potions
 c - a potion of lignification {unknown}
 e - 2 potions of curing {unknown}


   Skills:
 + Level 3.3 Fighting
 + Level 4.0 Short Blades
 + Level 1.5 Armour
 + Level 2.4 Dodging


You couldn't memorise any spells.
You didn't know any spells.
Your spell library was empty.

Dungeon Overview and Level Annotations

Branches:
Dungeon (1/15)

Altars:


Innate Abilities, Weirdness & Mutations

You are small and have problems with some larger weapons.
You are completely attuned to the shadows.


Message History

The goblin misses you.
You closely miss the rat. The rat closely misses you.
The goblin hits you with a +0 dagger.
You hit the rat but do no damage. The rat bites you but does no damage.
The goblin barely misses you. The kobold barely misses you.
You hit the rat but do no damage. You barely miss the rat.
The rat closely misses you. The goblin hits you but does no damage.
The kobold closely misses you.
You closely miss the rat. The rat closely misses you.
The goblin hits you with a +0 dagger. The kobold barely misses you.
You hit the rat.
The rat is moderately wounded.
The rat closely misses you. The goblin closely misses you.
The kobold hits you with a +0 dagger.
You barely miss the rat.
The rat is moderately wounded.
The rat bites you. The goblin closely misses you.
The kobold closely misses you.
A red film seems to cover your vision as you go berserk!
You feel yourself moving faster!
You feel mighty! The rat bites you.
* * * LOW HITPOINT WARNING * * *
The goblin barely misses you. The kobold hits you with a +0 dagger.
* * * LOW HITPOINT WARNING * * *
You closely miss the rat.
The rat is moderately wounded.
You puncture the rat!
You kill the rat!
Trog accepts your kill. The goblin hits you with a +0 dagger.
* * * LOW HITPOINT WARNING * * *
The kobold hits you with a +0 dagger.
* * * LOW HITPOINT WARNING * * *
You barely miss the kobold. The kobold hits you with a +0 dagger.
* * * LOW HITPOINT WARNING * * *
You closely miss the kobold. You hit the goblin.
You kill the goblin!
Trog accepts your kill. The kobold hits you with a +0 dagger.
You die...

#...# #...#
####...#####
...........###
.............##.# ..
...........#.##># .#
####...#####.##.##.##.
#...# #.##>.K....
#...# #....@).# #...#
####.#### ####.### #.#
#......# ... ##.##.#.#
##.## ......#.#
...####.## #........#
......#...#


You could see a kobold.

Vanquished Creatures
  A goblin (D:1)
  2 rats (D:1)
3 creatures vanquished.

Notes
Turn   | Place    | Note
-------+----------+-------------------------------------------
     0 | D:1      | LegionMG the Kobold Berserker began the quest for the Orb.
     0 | D:1      | Reached XP level 1. HP: 14/14 MP: 1/1
   316 | D:1      | HP: 1/21 [kobold/+0 dagger (3)]
   318 | D:1      | Slain by a kobold

Illustrated notes

Levels and vault maps discovered:
D:1:      scummos_arrival_gate, layout_loops_cross

Action                     || total
---------------------------++-------
  Melee: Short sword       ||    25
 Invoke: Berserk           ||     1
 Armour: Animal skin       ||     4
  Dodge: Dodged            ||    18

Table legend: (Time is in decaauts)
 A = Elapsed time spent in this place.
 B = Non-inter-level travel time spent in this place.
 C = Inter-level travel time spent in this place.
 D = Time resting spent in this place.
 E = Time spent auto-exploring this place.
 F = Levels seen in this place.
 G = Mean time per level.
                   A        B        C        D        E       F      G
               +--------+--------+--------+--------+--------+-----+--------+
         Total |    311 |    311 |      0 |      0 |     29 |   1 |  311.0 |
       Dungeon |    311 |    311 |      0 |      0 |     29 |   1 |  311.0 |
               +--------+--------+--------+--------+--------+-----+--------+

Top non-repeatable levels by time:
     D:1: 311 daAuts
